 Dungeon Crawl Stone Soup version 0.25.0-37-gb73750e0fb (webtiles) character file.

Game seed: 7678475387630902648

845 DocSulfur the Conjurer (level 7, 0/36 HPs)
             Began as a Deep Elf Wizard on July 8, 2020.
             Was an Initiate of Kikubaaqudgha.
             Killed by divine providence
             ... invoked by an orc priest
              (12 damage)
             ... on level 6 of the Dungeon.
             The game lasted 00:37:55 (9375 turns).

DocSulfur the Conjurer (Deep Elf Wizard)            Turns: 9375, Time: 00:37:55

Health: 0/36       AC:  4    Str:  4    XL:     7   Next: 68%
Magic:  5/16       EV: 14    Int: 25    God:    Kikubaaqudgha [......]
Gold:   239        SH:  6    Dex: 13    Spells: 5/16 levels left

rFire    . . .     SeeInvis .   j - +0 hunting sling
rCold    . . .     Gourm    .   o - +2 buckler
rNeg     . . .     Faith    .   a - +0 robe
rPois    .         Spirit   .   b - +0 hat
rElec    .         Reflect  .   (no cloak)
rCorr    .         Harm     .   (no gloves)
MR       .....                  w - +1 pair of boots {run}
Stlth    ++........             (no amulet)
HPRegen  0.12/turn              (no ring)
MPRegen  0.15/turn              (no ring)

@: quick
A: no striking features
a: Renounce Religion


You were on level 6 of the Dungeon.
You worshipped Kikubaaqudgha.
Kikubaaqudgha was noncommittal.
You were not hungry.

You visited 2 branches of the dungeon, and saw 7 of its levels.

You collected 239 gold pieces.

Inventory:

Hand Weapons
 e - a +0 short sword
 j - a +0 hunting sling (weapon)
 k - a +0 trident
Missiles
 c - 180 stones
 g - 73 sling bullets (quivered)
 s - 5 silver boomerangs
Armour
 a - a +0 robe (worn)
 b - a +0 hat (worn)
 o - a +2 buckler (worn)
 r - the +2 pair of boots of Gaiduc {rC+ rCorr Str+3}
   (You found it on level 5 of the Dungeon)

   It affects your strength (+3).
   It protects you from cold.
   It provides partial protection from all sources of acid and corrosion.
 w - a +1 pair of boots of running (worn)
Jewellery
 f - an uncursed ring of ice
Wands
 h - a wand of acid (7)
Scrolls
 i - a scroll of magic mapping
 l - a scroll of enchant armour {unknown}
 m - a scroll of teleportation {unknown}
 p - a scroll of remove curse {unknown}
 u - a scroll of random uselessness {unknown}
Potions
 n - 2 potions of heal wounds
 q - a potion of lignification {unknown}
 t - a potion of magic {unknown}
Comestibles
 d - 10 rations
 v - 2 chunks of flesh


   Skills:
 - Level 4.3 Dodging
 - Level 2.4 Stealth
 + Level 2.6 Shields
 - Level 5.0 Spellcasting
 - Level 6.0 Conjurations
 - Level 1.1 Summonings
 - Level 1.1 Translocations
 + Level 3.4 Fire Magic
 - Level 2.0 Air Magic
 - Level 2.0 Poison Magic


You had 5 spell levels left.
You knew the following spells:

 Your Spells              Type           Power        Failure   Level  Hunger
a - Magic Dart            Conj           ####         1%          1    None
b - Mephitic Cloud        Conj/Pois/Air  ###.....     8%          3    ##.....
c - Conjure Flame         Conj/Fire      ####....     4%          3    ##.....
d - Call Imp              Summ           ##......     10%         2    None
e - Blink                 Tloc           N/A          10%         2    None

Your spell library contained the following spells:

 Spells                   Type           Power        Failure   Level  Hunger
 Apportation              Tloc           ##....       6%          1    None
 Summon Small Mammal      Summ           ##..         6%          1    None
 Animate Skeleton         Necr           N/A          10%         1    None
 Corona                   Hex            #......      10%         1    None
 Slow                     Hex            #.......     14%         2    None


Dungeon Overview and Level Annotations

Branches:
Dungeon (6/15)             Temple (1/1) D:4

Altars:
Ashenzari
Cheibriados
Dithmenos
Elyvilon
Gozag
Hepliaklqana
Kikubaaqudgha
Makhleb
Nemelex Xobeh
Okawaru
Qazlal
Ru
Trog
Uskayaw
Vehumet
Wu Jian
Xom
Yredelemnul
Zin
The Shining One

Annotations:
D:2 1 runed translucent door, Crazy Yiuf


Message History

Confirm with . or Enter, or press ? or * to list all spells.
The fire begins to smolder!
The orc warrior is engulfed in blazing flames.
The orc warrior gestures wildly.
A giant cockroach comes into view.
The orc priest shouts!
The orc warrior smothers the flame.
An orc comes into view.
The orc wizard points at you and mumbles some strange words.
The magic dart hits you.
The orc priest looks braver for a moment.
The orc wizard casts a spell at you. The magic dart hits you!
The giant cockroach bites you but does no damage.
The orc priest calls down the wrath of Beogh upon you.
Beogh smites you!
The orc priest mumbles some strange prayers to Beogh against you.
Beogh smites you!
You die...
Kikubaaqudgha rasps: "You have failed me!
Welcome... death!"

.............#.[#.#
####.#.#.###.#..#.########
#.#.#...#.#..#......<.#
#.#.#.g...#..##########
#.#.#.#...#.).o.o..#
#.#.#.##.##.รท.####(#
#.#.#.#..oo.o.####(#
#$#.#.#..###.s...#(# ...
#.#..# ##@##.#(#
..........# #o#
....####### #o# ...... #.#
...... #(# ...... #(# #(#
#.# #.#


You could see an orc warrior (confused), an orc priest, an orc wizard and a
giant cockroach.

Vanquished Creatures
  An orc warrior (D:6)
  A phantom (D:4)
  A scorpion (D:5)
  A howler monkey (D:4)
  3 crimson imps
  2 orc priests
  An orc wizard (D:5)
  An iguana (D:5)
  2 worker ants
  4 gnolls
  A howler monkey skeleton (D:4)
  3 adders
  4 shadow imps (D:5)
  An ooze (D:1)
  An adder skeleton (D:4)
  An adder zombie (D:6)
  A dart slug (D:1)
  4 leopard geckos
  16 orcs
  5 bats
  3 giant cockroaches
  10 goblins
  6 hobgoblins
  9 jackals
  2 quokkas
  7 frilled lizards
  6 kobolds
  A leopard gecko skeleton (D:4)
  A quokka zombie (D:5)
  7 rats
106 creatures vanquished.

Vanquished Creatures (collateral kills)
  A scorpion (D:4)
  A centaur skeleton (D:5)
  Terence (D:3)
  A worker ant (D:5)
  A gnoll (D:6)
  An adder (D:5)
  A shadow imp (D:5)
  2 orcs (D:3)
9 creatures vanquished.

Grand Total: 115 creatures vanquished

Notes
Turn   | Place    | Note
-------+----------+-------------------------------------------
     0 | D:1      | DocSulfur the Deep Elf Wizard began the quest for the Orb.
     0 | D:1      | Reached XP level 1. HP: 10/10 MP: 7/7
   319 | D:1      | Reached XP level 2. HP: 11/15 MP: 1/9
   399 | D:1      | Reached skill level 2 in Conjurations
   834 | D:1      | Reached XP level 3. HP: 19/19 MP: 9/11
  1290 | D:2      | Found a runed translucent door.
  1291 | D:2      | Noticed Crazy Yiuf
  1405 | D:2      | Learned a level 3 spell: Mephitic Cloud
  1409 | D:2      | Learned a level 3 spell: Conjure Flame
  1905 | D:2      | Reached skill level 5 in Spellcasting
  1905 | D:2      | Reached skill level 1 in Poison Magic
  1905 | D:2      | Reached XP level 4. HP: 24/24 MP: 5/13
  1979 | D:2      | Reached skill level 3 in Conjurations
  2507 | D:3      | Reached skill level 1 in Air Magic
  2891 | D:3      | Learned a level 2 spell: Call Imp
  2894 | D:3      | Learned a level 2 spell: Blink
  2918 | D:3      | Noticed Terence
  3712 | D:3      | Reached XP level 5. HP: 12/28 MP: 9/14
  3920 | D:3      | Killed Terence
  5160 | D:4      | Reached skill level 4 in Conjurations
  5160 | D:4      | Reached XP level 6. HP: 23/32 MP: 3/15
  5723 | D:4      | Found a staircase to the Ecumenical Temple.
  5730 | Temple   | Entered the Ecumenical Temple
  6027 | Temple   | Became a worshipper of Kikubaaqudgha
  6560 | D:4      | Reached skill level 5 in Conjurations
  6560 | D:4      | Reached skill level 1 in Fire Magic
  6687 | D:4      | Reached skill level 1 in Shields
  6816 | D:5      | Entered Level 5 of the Dungeon
  7204 | D:5      | Found an ornate altar of the Wu Jian Council.
  7286 | D:5      | Reached XP level 7. HP: 36/36 MP: 10/16
  7960 | D:5      | Found a burning altar of Makhleb.
  7986 | D:5      | Got a pair of faintly glowing boots
  7991 | D:5      | Identified the +2 pair of boots of Gaiduc {rC+ rCorr Str+3}
                  | (You found it on level 5 of the Dungeon)
  8053 | D:5      | Reached skill level 6 in Conjurations
  9165 | D:6      | Identified a +1 pair of boots of running (You found it on
                  | level 6 of the Dungeon)
  9375 | D:6      | Killed from afar by an orc priest

Illustrated notes

Levels and vault maps discovered:
D:1:      lightli_arrival_boilingwater, layout_basic
D:2:      layout_basic, uniq_crazy_yiuf_cottage
D:3:      layout_loops_ring, uniq_terence
D:4:      kennysheep_spiral_hall, layout_basic, temple_green
D:5:      layout_layer_cave, nicolae_overflow_hidden_temple,
          lightli_temple_of_fire, first_ration
D:6:      layout_basic, kennysheep_mini, uniq_sigmund
Temple:   dpeg_five_rooms_temple

Skill      XL: |  1  2  3  4  5  6  7 |
---------------+----------------------+-----
Conjurations   | 2 3 4 5 6 |  6.0
Dodging        | 3 4 |  4.3
Spellcasting   | 5 |  5.0
Poison Magic   | 1 2 |  2.0
Air Magic      | 1 2 |  2.0
Fire Magic     | 1 3 |  3.4
Shields        | 1 2 |  2.6
Stealth        | |  2.4
Summonings     | |  1.1
Translocations | |  1.1

Action                   |  1- 3 |  4- 6 |  7- 9 || total
-------------------------+-------+-------+-------++-------
Melee: Short sword       |     2 |       |       ||     2
 Fire: Hunting sling     |       |     7 |    28 ||    35
 Cast: Magic Dart        |    92 |   172 |    80 ||   344
       Mephitic Cloud    |       |     2 |     2 ||     4
       Call Imp          |       |    11 |     8 ||    19
       Blink             |       |     4 |     1 ||     5
       Conjure Flame     |       |       |     4 ||     4
  Use: Scroll            |       |     2 |       ||     2
  Eat: Chunk             |     2 |     7 |     3 ||    12
       Ration            |       |     3 |     1 ||     4
Armor: Robe              |     7 |    10 |     4 ||    21
Dodge: Dodged            |    14 |    33 |    28 ||    75
Block: Buckler           |       |     4 |    14 ||    18
